 Dungeon Crawl Stone Soup version 0.30-a0-358-g0d69a1922f (webtiles) character file.

Game seed: 8653434840480953966

650 mopl the Chopper (level 7, -1/56 HPs)
             Began as a Demonspawn Delver on Nov 10, 2022.
             Slain by a gnoll
             ... wielding a +1 halberd of venom
              (7 damage)
             ... on level 5 of the Dungeon.
             The game lasted 00:05:20 (3778 turns).

mopl the Chopper (Demonspawn Delver)                Turns: 3778, Time: 00:05:20

Health: -1/56      AC: 12    Str: 14    XL:     7   Next: 28%
Magic:  7/7        EV: 11    Int: 12    God:
Gold:   150        SH:  0    Dex: 14    Spells: 6/6 levels left

rFire   . . .      SeeInvis .    a - +0 hand axe (vorpal)
rCold   . . .      Faith    .    (no shield)
rNeg    . . .      Spirit   .    s - +1 ring mail "Kiyphaiv" {Rampage Slay+3 Stlth+}
rPois   .          Reflect  .    k - +0 helmet
rElec   .          Harm     .    (no cloak)
rCorr   .          Rampage  +    (no gloves)
Will    .....                    p - +1 pair of boots
Stlth   +++.......               (no amulet)
HPRegen 0.29/turn                (no ring)
MPRegen 0.10/turn                (no ring)

@: lethally poisoned (-1 -> -5)
A: molten scales 2, foul stench 1, weakness stinger 1
a: no special abilities


You were on level 5 of the Dungeon.
You visited 1 branch of the dungeon, and saw 5 of its levels.

You collected 150 gold pieces.

Inventory:

Hand Weapons
 a - a +0 vorpal hand axe (weapon)
Missiles
 b - 3 javelins
 x - 5 poisoned darts (quivered)
Armour
 k - a +0 helmet (worn)
 p - a +1 pair of boots (worn)
 s - the +1 ring mail "Kiyphaiv" (worn) {Rampage Slay+3 Stlth+}
   (You found it on level 2 of the Dungeon)

   Slay:      It affects your accuracy & damage with ranged weapons and melee
   (+3).
   Rampage:   It bestows one free step when moving towards enemies.
   Stlth:     It makes you more stealthy.
 w - a +0 plate armour
Jewellery
 q - a ring of ice
Wands
 g - a wand of digging (3)
Scrolls
 c - a scroll of fog
 d - 2 scrolls of magic mapping
 e - a scroll of fear
 h - a scroll of butterflies {unknown}
 n - 4 scrolls of identify {unknown}
 r - 2 scrolls of amnesia {unknown}
 t - a scroll of blinking {unknown}
 y - a scroll of immolation {unknown}
Potions
 f - a potion of haste
 i - 2 potions of might
 j - a potion of lignification {unknown}
 l - 3 potions of flight
 m - a potion of brilliance {unknown}
 o - a potion of curing
 u - 2 potions of mutation {unknown}
 v - a potion of berserk rage {unknown}


   Skills:
 + Level 5.2 Fighting
 * Level 5.9 Axes
 + Level 1.8 Throwing
 - Level 1.7 Dodging
 - Level 4.5 Stealth


You had 6 spell levels left.
You didn't know any spells.
Your spell library contained the following spells:

 Spells                   Type           Power      Damage    Failure   Level
 Beastly Appendage        Tmut           0%         N/A       56%         1
 Sublimation of Blood     Necr           0%         N/A       71%         2
 Wereblood                Tmut           0%         N/A       71%         2
 Spider Form              Tmut/Pois      0%         N/A       90%         3
 Summon Hydra             Summ           0%         N/A       100%        7


Dungeon Overview and Level Annotations

Branches:
Dungeon (5/15)
 Temple: D:4-7

Altars:
Ashenzari
Gozag
Kikubaaqudgha


Innate Abilities, Weirdness & Mutations

You are mostly covered in molten scales. (AC +3)
You may rarely emit foul miasma when damaged in melee.
You have a small tail.


Message History

You feel very sick.
You feel very sick. The gnoll attacks as you move away!
The gnoll hits you with a +0 flail!
* * * LOW HITPOINT WARNING * * *
x2 You feel sick.
You feel better. The gnoll closely misses you.
You hit the gnoll. You tail-slap the gnoll.
The gnoll is almost dead.
The gnoll barely misses you.
You slash the gnoll!
You kill the gnoll!
You hit the orc.
You kill the orc!
The gnoll closely misses you.
You rampage towards the gnoll!
You hit the gnoll.
The gnoll is moderately wounded.
The gnoll barely misses you.
You barely miss the gnoll.
The gnoll is moderately wounded.
The gnoll barely misses you.
You barely miss the gnoll.
Your tail-slap misses the gnoll.
The gnoll is moderately wounded.
The gnoll hits you with a +1 halberd of venom.
* * * LOW HITPOINT WARNING * * *
You are poisoned.
You barely miss the gnoll.
You tail-slap the gnoll, but do no damage.
The gnoll is moderately wounded.
* * * LOW HITPOINT WARNING * * *
You feel very sick. The gnoll misses you.
You closely miss the gnoll. You tail-slap the gnoll.
The gnoll is severely wounded.
* * * LOW HITPOINT WARNING * * *
You feel sick. The gnoll completely misses you.
You barely miss the gnoll.
The gnoll is severely wounded.
You feel sick.
The gnoll hits you with a +1 halberd of venom!
You die...

....#.#.# ####.....
.....[..# .......#
....#.#.# ......#
#.#.....# .....
#.###.#.## ... #.#
#....####.##)#
..###†........##.#
#...††#..#######g#
#####.#..## #@#
..........## #.#
#####......## #.#
##.......## #.#####.#
#.........###........
#.............#####.#
#.........###.#
##..........#.#
##.....###....


You could see a gnoll.

Vanquished Creatures
  A water moccasin (D:5)
  A black bear (D:4)
  A necrophage (D:5)
  A scorpion (D:4)
  A hound (D:5)
  An orc priest (D:2)
  2 iguanas
  6 adders
  6 gnolls
  A shadow imp (D:5)
  3 worms
  A dart slug (D:1)
  9 orcs
  7 ball pythons
  13 endoplasms
  2 giant cockroaches
  8 goblins
  5 hobgoblins
  4 quokkas
  5 bats
  2 frilled lizards (D:1)
  7 kobolds
  6 rats
93 creatures vanquished.

Notes
Turn   | Place    | Note
-------+----------+-------------------------------------------
     0 | D:5      | mopl the Demonspawn Delver began the quest for the Orb.
     0 | D:5      | Reached XP level 1. HP: 18/18 MP: 1/1
    26 | D:5      | Noticed a water moccasin
    28 | D:4      | Noticed a black bear
    46 | D:4      | Reached skill level 2 in Axes
    46 | D:4      | Gained mutation: You may rarely emit foul miasma when
                  | damaged in melee. [demonic ancestry]
    46 | D:4      | Reached XP level 2. HP: 18/24 MP: 2/2
   224 | D:4      | Reached XP level 3. HP: 10/29 MP: 3/3
   467 | D:2      | Reached skill level 3 in Axes
  1028 | D:1      | Found a faded altar of an unknown god.
  1429 | D:2      | Gained mutation: You are partially covered in molten
                  | scales. (AC +2) [demonic ancestry]
  1429 | D:2      | Reached XP level 4. HP: 37/37 MP: 4/4
  1493 | D:2      | Identified the +1 ring mail "Kiyphaiv" {Rampage Slay+3
                  | Stlth+}
  1865 | D:2      | Reached skill level 4 in Fighting
  2263 | D:3      | Reached skill level 4 in Axes
  2426 | D:3      | Found a broken altar of Ashenzari.
  2430 | D:3      | Saw a vision of the Swamp and the Spider Nest.
  2430 | D:3      | Noticed a culicivora
  2430 | D:3      | Noticed an entropy weaver
  2430 | D:3      | Noticed an eleionoma
  2430 | D:3      | Noticed a jumping spider
  2430 | D:3      | Noticed a six-headed hydra
  2430 | D:3      | Noticed a swamp dragon
  2430 | D:3      | Noticed a tyrant leech
  2430 | D:3      | Noticed a bog body
  2430 | D:3      | Noticed a torpor snail
  2430 | D:3      | Noticed a redback
  2430 | D:3      | Noticed an alligator
  2430 | D:3      | Noticed a redback
  2430 | D:3      | Noticed a jumping spider
  2430 | D:3      | Noticed a moth of wrath
  2430 | D:3      | Noticed a demonic crawler
  2430 | D:3      | Noticed a jorogumo
  2430 | D:3      | Noticed a jumping spider
  2430 | D:3      | Noticed a steelbarb worm
  2430 | D:3      | Noticed an eight-headed hydra
  2430 | D:3      | Noticed a jumping spider
  2431 | D:3      | Noticed a wolf spider
  2431 | D:3      | Noticed a redback
  2431 | D:3      | Noticed a demonic crawler
  2431 | D:3      | Noticed a tarantella
  2432 | D:3      | Noticed a tarantella
  2480 | D:3      | Gained mutation: You have a small tail. [demonic ancestry]
  2480 | D:3      | Reached XP level 5. HP: 42/42 MP: 5/5
  2720 | D:3      | Found an ancient bone altar of Kikubaaqudgha.
  3093 | D:4      | Reached XP level 6. HP: 9/49 MP: 6/6
  3114 | D:4      | Reached skill level 5 in Axes
  3280 | D:4      | Found an opulent altar of Gozag.
  3611 | D:5      | Killed a water moccasin
  3612 | D:5      | Reached skill level 5 in Fighting
  3612 | D:5      | Reached skill level 1 in Throwing
  3612 | D:5      | Gained mutation: You are mostly covered in molten scales.
                  | (AC +3) [demonic ancestry]
  3612 | D:5      | Reached XP level 7. HP: 36/56 MP: 7/7
  3778 | D:5      | Slain by a gnoll

Illustrated notes

Levels and vault maps discovered:
D:1:      dpeg_arrival_solitude, layout_basic,
          dreamdust_ecumenical_altar_angels_and_demons, wad_floor_pattern_1
D:2:      layout_loops_ring, serial_forest, infiniplex_forest_clump_C,
          infiniplex_forest_end_double, infiniplex_forest_lined_2,
          infiniplex_forest_straight_4, minivault_11
D:3:      layout_loops_ring, kiku_gazebo_pond_becter, grunt_ashenzari_visionary
          [grunt_ashenzari_visionary_swamp, grunt_ashenzari_visionary_spider],
          grunt_decor_arrowhead, st_stairs_8
D:4:      layout_cave_pools, nicolae_gozag_seed_capital, minmay_cupped
D:5:      layout_loops_ring

Skill      XL: |  1  2  3  4  5  6 |
---------------+-------------------+-----
Axes           | 2 3 4 5 |  5.9
Fighting       | 4 5 |  5.2
Throwing       | 1 |  1.8
Dodging        | |  1.7
Stealth        | |  4.5

Action                   |  1- 3 |  4- 6 |  7- 9 || total
-------------------------+-------+-------+-------++-------
Melee: Hand axe          |   118 |   157 |    35 ||   310
       Punch             |     1 |     1 |     1 ||     3
       Tailslap          |       |     9 |     6 ||    15
Throw: Javelin           |       |     3 |       ||     3
       Dart              |       |     5 |       ||     5
  Use: Potion            |       |     4 |     1 ||     5
 Stab: Sleeping          |    13 |    12 |       ||    25
       Distracted        |       |     1 |       ||     1
Armor: Leather armour    |    27 |    14 |       ||    41
       Ring mail         |       |    61 |     7 ||    68
Dodge: Dodged            |    69 |    72 |    23 ||   164

Table legend: (Time is in decaauts)
 A = Elapsed time spent in this place.
 B = Non-inter-level travel time spent in this place.
 C = Inter-level travel time spent in this place.
 D = Time resting spent in this place.
 E = Time spent auto-exploring this place.
 F = Levels seen in this place.
 G = Mean time per level.
                   A        B        C        D        E       F      G
               +--------+--------+--------+--------+--------+-----+--------+
         Total |   3812 |   3652 |    160 |    483 |   2304 |   5 |  762.4 |
       Dungeon |   3812 |   3652 |    160 |    483 |   2304 |   5 |  762.4 |
               +--------+--------+--------+--------+--------+-----+--------+

Top non-repeatable levels by time:
     D:2: 1044 daAuts
     D:4: 912 daAuts
     D:1: 819 daAuts
     D:3: 806 daAuts
     D:5: 229 daAuts
